 Dungeon Crawl Stone Soup version 0.19.1-1-g22dce08 (webtiles) character file.

59 theAP the Skirmisher (level 4, -4/29 HPs)
             Began as a Gargoyle Fighter on Jan 3, 2017.
             Was an Initiate of Ashenzari.
             Killed from afar by Sigmund (5 damage)
             ... with a puff of flame
             ... on level 3 of the Dungeon.
             The game lasted 00:04:33 (1382 turns).

theAP the Skirmisher (Gargoyle Fighter)             Turns: 1382, Time: 00:04:34

Health: -4/29      AC: 12    Str: 21    XL:     4   Next: 3%
Magic:  4/4        EV:  5    Int: 13    God:    Ashenzari [......]
Gold:   132        SH: 10    Dex:  9    Spells: 0 memorised, 3 levels left

rFire  . . .     SeeInvis .     r - -3 whip (curse)
rCold  . . .     Gourm    .     l - +0 chain mail
rNeg   + . .     Faith    .     c - +1 shield
rPois  ∞         Spirit   .     (no helmet)
rElec  +         Reflect  .     (no cloak)
rCorr  +         Harm     .     (no gloves)
MR     .....                    (no boots)
Stlth  ..........               (no amulet)
                                (no ring)
                                e - ring of resist corrosion

@: brilliant
A: negative energy resistance 1, electricity resistance, unbreathing,
petrification resistance, rot immunity, AC +3
a: Curse Item, Renounce Religion


You were on level 3 of the Dungeon.
You worshipped Ashenzari.
Ashenzari was noncommittal.
You were not hungry.

You visited 1 branch of the dungeon, and saw 3 of its levels.

You collected 132 gold pieces.

Inventory:

Hand Weapons
 a - a +0 flail
 r - a cursed -3 whip (weapon)
Armour
 b - a +0 scale mail
 c - a +1 shield (worn)
 l - a +0 chain mail (worn)
Jewellery
 e - a ring of resist corrosion (left hand)
 h - a -2 ring of strength
 s - an uncursed ring of wizardry
Scrolls
 n - a scroll of blinking
 p - a scroll of identify
Potions
 d - 2 potions of might
 i - a potion of agility
 j - a potion of brilliance
 k - a potion of mutation {unknown}
 q - a potion of degeneration {unknown}
Comestibles
 f - 2 bread rations
 g - a beef jerky
 m - a fruit


   Skills:
 + Level 4.1 Fighting
 + Level 3.1 Maces & Flails
 - Level 3.5 Armour
 - Level 3.4 Shields


You had 3 spell levels left.
You didn't know any spells.

Dungeon Overview and Level Annotations

Branches:
Dungeon (3/15)

Altars:
Ashenzari
Yredelemnul

Annotations:
D:3 Sigmund


Innate Abilities, Weirdness & Mutations

You are resistant to torment.
Your stone body is resilient. (AC +3)
You are immune to poison.
You resist negative energy. (rN+)
You are resistant to electric shocks. (rElec)
You can survive without breathing.
You are immune to petrification.
You are immune to rotting.


Message History

You closely miss something. Something hits you.
You closely miss something. You hit something. Something hits you.
You barely miss something. You block something's attack.
You hit something but do no damage. Something hits you but does no damage.
You hit something. You closely miss something. Something hits you.
You miss something.
Your shield and chain mail prevent you from hitting something.
Something hits you!
* * * LOW HITPOINT WARNING * * *
You closely miss something. Something hits you.
* * * LOW HITPOINT WARNING * * *
You closely miss something.
It was a potion of brilliance.
You feel clever all of a sudden.
You hear some strange, mumbled words.
A puff of flame appears from out of thin air!
The puff of flame hits you!
You die...

.(.# .#.# ...# #.#.#
#... .... #..# ... #..#
..# #.# #.. ..# #.#
#######.###{.#.###
###.#
..........@....... ...#
#.#######.#############
#..#
#.....................#
#..#
#.........###########.#
#..# #.......###
#....#.####..#
#.#####.#
#.##.#.......# # #.#
#.##.#######.# #.#
#.##<# #.# #.#
#.##########)#


There were no monsters in sight!

Vanquished Creatures
  An adder (D:2)
  3 dart slugs
  A leopard gecko (D:1)
  An orc (D:3)
  4 bats
  7 giant cockroaches
  5 goblins
  5 jackals (D:2)
  4 kobolds
  A ball python (D:2)
  2 frilled lizards
  2 rats (D:1)
  A spectral orc (D:2)
37 creatures vanquished.

Notes
Turn   | Place    | Note
-------+----------+-------------------------------------------
     0 | D:1      | theAP the Gargoyle Fighter began the quest for the Orb.
     0 | D:1      | Reached XP level 1. HP: 14/14 MP: 1/1
    70 | D:1      | Reached XP level 2. HP: 15/19 MP: 2/2
   646 | D:2      | Reached XP level 3. HP: 24/24 MP: 3/3
   664 | D:2      | Reached skill level 4 in Fighting
   718 | D:2      | Found a shattered altar of Ashenzari.
   729 | D:2      | Became a worshipper of Ashenzari the Shackled
  1078 | D:2      | Found a basalt altar of Yredelemnul.
  1322 | D:3      | Reached XP level 4. HP: 29/29 MP: 4/4
  1358 | D:3      | Noticed Sigmund
  1380 | D:3      | HP: 1/29 [something (1)]
  1382 | D:3      | Killed from afar by Sigmund

Skill      XL: |  1  2  3 |
---------------+----------+-----
Fighting       | 4 |  4.1
Maces & Flails | 3 |  3.1
Armour         | |  3.5
Shields        | |  3.4

Action                   |  1- 3 |  4- 6 || total
-------------------------+-------+-------++-------
Melee: Flail             |    96 |       ||    96
       Whip              |   143 |    21 ||   164
  Use: Scroll            |     5 |       ||     5
       Potion            |       |     1 ||     1
  Eat: Chunk             |     2 |       ||     2
Armor: Scale mail        |    29 |       ||    29
       Chain mail        |   106 |     4 ||   110
Dodge: Dodged            |    57 |     1 ||    58
Block: Shield            |   150 |     4 ||   154
